[Event "Early-Titled-Tuesday-Blitz-January-16-2024"]
[Site "Chess.com"]
[Date "2024.01.16"]
[Round "7"]
[White "Mops_2004"]
[Black "JSPrepz"]
[Result "1/2-1/2"]
[WhiteElo "2680"]
[BlackElo "2868"]
[TimeControl "180+1"]
[EndTime "9:22:21 PST"]
[Termination "Game drawn by agreement"]

1. Nf3 c5 2. c4 Nc6 3. Nc3 g6 4. e3 Bg7 5. d4 d6 6. Be2 f5 7. O-O Nf6 8. d5 Na5 9. a3 b6 10. Rb1 O-O 11. b4 Nb7 12. Bd3 Nh5 13.
Ne2 e5 14. dxe6 Bxe6 15. Bb2 Bxb2 16. Rxb2 Qf6 17. Rd2 Rac8 18. Qa4 a5 19. bxa5 Nxa5 20. Rb1 Rb8 21. Rdb2 Qd8 22. Nf4 Nxf4 23. exf4 Bd7 24.
Qc2 Nc6 25. Qc3 h6 26. h4 Kh7 27. Bc2 Be6 28. Ba4 Na5 29. Bb5 Qf6 30. Qxf6 Rxf6 31. Nd2 Bf7 32. Kf1 Ra8 33. Re1 Ra7 34. Re3 Kg7 35. Rd3 Bg8 36. Rc2 Re6 37. a4 Kf8 38. g3 Ke7 39. Nb3 Nxb3 40. Rxb3 Re4 41. Rd3 Be6 42. f3 Rd4 43. Rxd4 cxd4 44. Rd2 d5 45.
cxd5 Bxd5 46. Kf2 Rc7 47. Rxd4 1/2-1/2

[Event "Early-Titled-Tuesday-Blitz-January-16-2024"]
[Site "Chess.com"]
[Date "2024.01.16"]
[Round "7"]
[White "shimastream"]
[Black "sokidze"]
[Result "0-1"]
[WhiteElo "3010"]
[BlackElo "2822"]
[TimeControl "180+1"]
[EndTime "9:22:22 PST"]
[Termination "sokidze won by resignation"]

1. d4 d5 2. c4 e6 3. Nc3 a6 4. c5 e5 5. e3 Nc6 6. Nf3 e4 7. Ng1 Nf6 8. Rb1 h5 9. b4 h4 10. h3 g6 11. Nge2 Bg7 12. a4 Ne7 13. Bd2 g5 14. Nc1 Ng6 15. Nb3 g4 16. b5 axb5 17.
Nxb5 g3 18. fxg3 Nh5 19. Ba5 Rxa5 20. Nxa5 Nxg3 21. Rg1 O-O 22. Nc3 c6 23. Nxb7 Bxb7 24. Rxb7 f5 25. Ne2 Qg5 26. Qd2 f4 27. exf4 Nxf4 28.
Nxf4 Rxf4 29. Ba6 e3 30. Qd3 Ne4 31. Qe2 Qg3+ 32. Kd1 Nc3+ 33. Kc2 Nxe2 34. Bxe2 Qf2 35. Rb8+ Kh7 0-1

[Event "Early-Titled-Tuesday-Blitz-January-16-2024"]
[Site "Chess.com"]
[Date "2024.01.16"]
[Round "7"]
[White "Legendinunknown"]
[Black "BogdanDeac"]
[Result "1-0"]
[WhiteElo "2822"]
[BlackElo "3008"]
[TimeControl "180+1"]
[EndTime "9:22:24 PST"]
[Termination "Legendinunknown won on time"]

1. d4 Nf6 2. c4 e6 3. Nc3 d5 4. cxd5 exd5 5. Bg5 Be7 6. e3 h6 7. Bh4 Bg4 8. Qb3 Nbd7 9. Bd3 O-O 10. Nge2 c5 11.
Bxf6 Nxf6 12. dxc5 Bxc5 13. O-O Qd6 14. h3 Be6 15. Nd4 a6 16. Nce2 Bb6 17. Rad1 Bc7 18. Ng3 Nh5 19. Nde2 Nxg3 20. Nxg3 b5 21. Rfe1 Rac8 22.
Bb1 Rfd8 23. Qd3 g6 24. Qd4 h5 25. a3 Bb8 26. Ba2 a5 27. Rd2 b4 28. a4 Qe7 29.
Red1 Bxg3 30. fxg3 Re8 31. Qf4 Qc5 32. Kf2 Qb6 33.
Bxd5 Bxd5 34. Rxd5 Qc6 35. Rd7 Rf8 36. R1d6 Qxa4 37.
Rd2 1-0

[Event "Early-Titled-Tuesday-Blitz-January-16-2024"]
[Site "Chess.com"]
[Date "2024.01.16"]
[Round "7"]
[White "krzyzan94"]
[Black "SnekkerAndersen"]
[Result "1-0"]
[WhiteElo "2811"]
[BlackElo "2643"]
[TimeControl "180+1"]
[EndTime "9:22:24 PST"]
[Termination "krzyzan94 won by resignation"]

1. Nf3 d5 2. g3 Nf6 3. Bg2 e6 4. O-O c5 5. c4 dxc4 6. Qa4+ Nbd7 7. Qxc4 Be7 8. Qc2 O-O 9. Nc3 a6 10. d4 b5 11. dxc5 Nxc5 12. b4 Nb7 13. Rd1 Qc7 14. Bf4 Bd6 15. Rxd6 Nxd6 16. Rd1 Nd5 17. Ng5 g6 18.
Bxd5 exd5 19. Qd2 Bb7 20. Nxd5 Bxd5 21. Qxd5 Qe7 22. Bxd6 Qxe2 23. Bxf8 Rxf8 24. Ne4 h5 25. Qd4 f5 26. Ng5 Re8 27. Qd5+ Kg7 28. Nh3 Re7 29. Nf4 Qe5 30. Qxe5+ Rxe5 31. Rd7+ Kf6 32. Rd6+ Kf7 33. Rxg6 Re4 34. Rxa6 h4 35. Kg2 h3+ 36. Kxh3 Rxb4 37. Kg2 Re4 38. h4 Rd4 39. h5 b4 40.
h6 Rd6 41. Rxd6 1-0

[Event "Early-Titled-Tuesday-Blitz-January-16-2024"]
[Site "Chess.com"]
[Date "2024.01.16"]
[Round "7"]
[White "JonasEilenberg"]
[Black "iwanyu"]
[Result "1/2-1/2"]
[WhiteElo "2544"]
[BlackElo "2680"]
[TimeControl "180+1"]
[EndTime "9:22:24 PST"]
[Termination "Game drawn by repetition"]

1. d4 Nf6 2. Nc3 d5 3. Bf4 g6 4. e3 Bg7 5. h4 h5 6. Nf3 O-O 7. Ne5 c5 8. Bd3 Nc6 9. Nxc6 bxc6 10. dxc5 Ng4 11. Na4 e5 12. Bg3 e4 13. Be2 Qa5+ 14.
c3 Ba6 15. Bxg4 hxg4 16. b4 Qb5 17. Qc2 Rfe8 18. Nb2 Qb7 19. a4 Rad8 20. O-O-O Bd3 21. Nxd3 exd3 22. Qxd3 a5 23. b5 Rc8 24. b6 Re4 25. h5 Rc4 26. Kc2 Rxc5 27. hxg6 Rxc3+ 28.
Qxc3 Bxc3 29. Kxc3 Qxb6 30. gxf7+ Kxf7 31. Rb1 Qc5+ 32.
Kd2 Kg6 33. Bf4 Rf8 34. Rh6+ Kg7 35. Re6 Rxf4 36. exf4 Qxf2+ 37. Kd3 Qg3+ 38. Kd4 Qxf4+ 39. Kc5 Qc4+ 40. Kd6 d4 41. Rb7+ Kf8 42. Rf6+ Kg8 43. Rg6+ Kf8 44. Rf6+ Kg8 45. Rg6+ Kf8 46. Rf6+ 1/2-1/2

[Event "Early-Titled-Tuesday-Blitz-January-16-2024"]
[Site "Chess.com"]
[Date "2024.01.16"]
[Round "7"]
[White "otrov-11"]
[Black "Kildepiotr"]
[Result "1-0"]
[WhiteElo "2489"]
[BlackElo "2654"]
[TimeControl "180+1"]
[EndTime "9:22:24 PST"]
[Termination "otrov-11 won by checkmate"]

1. d4 c5 2. d5 e5 3. Nc3 d6 4. e4 Be7 5. Bb5+ Nd7 6. Nf3 a6 7.
Be2 b5 8. O-O Ngf6 9. Ne1 b4 10.
Nb1 Nxe4 11. f4 exf4 12. Bxf4 O-O 13. Bd3 Nef6 14. c4 Re8 15. Nd2 Bf8 16. Nef3 g6 17.
Ng5 Ne5 18. Bc2 Bg7 19. Rb1 Nh5 20. Bxe5 Bxe5 21. Nxf7 Bd4+ 22. Kh1 Qh4 23. Qf3 Bg4 24. Nh6+ Kg7 25. Nxg4 Rf8 26. Qh3 Rxf1+ 27. Rxf1 Qe7 28. Ne4 Bxb2 29. Qe3 Re8 30. Qd2 Bd4 31. Ng5 Nf6 32.
Ne6+ Kg8 33. Nxf6+ Bxf6 34. g3 Rb8 35. Qh6 a5 36. h4 a4 37. h5 b3 38. axb3 axb3 39. Bb1 Bg7 40. Qf4 Be5 41. Qg4 Ra8 42. hxg6 h6 43. g7 Bf6 44. Qg6 Bxg7 45. Qh7# 1-0

[Event "Early-Titled-Tuesday-Blitz-January-16-2024"]
[Site "Chess.com"]
[Date "2024.01.16"]
[Round "7"]
[White "IngOscarArdila"]
[Black "rhungaski"]
[Result "0-1"]
[WhiteElo "2368"]
[BlackElo "2538"]
[TimeControl "180+1"]
[EndTime "9:22:24 PST"]
[Termination "rhungaski won by resignation"]

1. d4 g6 2. c4 Bg7 3. Nf3 d6 4.
Nc3 Nf6 5. e3 O-O 6. Be2 Nc6 7.
O-O e5 8. Qc2 Re8 9. dxe5 Nxe5 10. Nxe5 dxe5 11. Rd1 Bd7 12. e4 c6 13. Be3 Qc7 14. b4 Be6 15. c5 Rad8 16. a4 Rxd1+ 17. Rxd1 Rd8 18. b5 Rxd1+ 19. Qxd1 Nd7 20. Qd6 Qxd6 21.
cxd6 c5 22. h3 Bf8 23. Bg4 f5 24. exf5 gxf5 25. Bf3 e4 26. Be2 Bxd6 27. Kf1 Be5 28. Bd2 Nf6 29. Ke1 f4 30. Kd1 b6 31. Kc2 Kf7 32.
Kc1 Ke7 33. Kc2 Kd6 34. Kc1 Ke7 35. Kc2 Bf5 36. Kc1 h5 37. Bc4 Kd6 38. Bf7 h4 39. f3 exf3 40. gxf3 Bxh3 41. Bg6 Bg2 42.
Ne4+ Nxe4 43. Bxe4 h3 0-1

[Event "Early-Titled-Tuesday-Blitz-January-16-2024"]
[Site "Chess.com"]
[Date "2024.01.16"]
[Round "7"]
[White "FREDERICKtheMATE"]
[Black "Korchmar_Vasiliy"]
[Result "0-1"]
[WhiteElo "2561"]
[BlackElo "2753"]
[TimeControl "180+1"]
[EndTime "9:22:25 PST"]
[Termination "Korchmar_Vasiliy won by resignation"]

1. d4 e6 2. c4 f5 3. Nf3 Nf6 4. g3 d5 5. Bg2 Bd6 6. O-O O-O 7. Nc3 c6 8. c5 Bc7 9. Bf4 Bxf4 10.
gxf4 Bd7 11. e3 Be8 12. Ne5 Nbd7 13. b4 Nxe5 14. fxe5 Ne4 15. Nxe4 fxe4 16. f4 exf3 17. Rxf3 Rxf3 18. Qxf3 Bg6 19. Rf1 a5 20. a3 axb4 21. axb4 Ra2 22. Qg4 Bf5 23. Qf4 Qe8 24. Rf2 Ra1+ 25. Rf1 Ra4 26. h4 Rxb4 27. Ra1 Rb2 28. Kh1 Qg6 29. Bf3 Qe8 30. Rg1 Qd8 31. h5 h6 32. Qg3 Qe7 33. Qf4 Kh8 34. Ra1 Rf2 35. Kg1 Rb2 36. Ra8+ Kh7 37. Ra1 Qg5+ 38. Qxg5 hxg5 39.
Ra8 g4 40. Bg2 Kh6 41. Rh8+ Kg5 42. Kh2 Be4 0-1

[Event "Early-Titled-Tuesday-Blitz-January-16-2024"]
[Site "Chess.com"]
[Date "2024.01.16"]
[Round "7"]
[White "AttilaTurzo"]
[Black "Let_it_be_1"]
[Result "1-0"]
[WhiteElo "2495"]
[BlackElo "2606"]
[TimeControl "180+1"]
[EndTime "9:22:25 PST"]
[Termination "AttilaTurzo won by checkmate"]

1. d4 d5 2. Nf3 e6 3. Bf4 Bd6 4. Bg3 Nf6 5. e3 b6 6. c3 O-O 7. Nbd2 c5 8. Ne5 Ba6 9. Bxa6 Nxa6 10. O-O Nb8 11. a4 Qc7 12. a5 Nc6 13. Nxc6 Qxc6 14. Bxd6 Qxd6 15. Qa4 c4 16. axb6 Qxb6 17.
Rfb1 Rfb8 18. b3 cxb3 19. Rxb3 Qc7 20. Rxb8+ Qxb8 21. c4 dxc4 22. Nxc4 h6 23. h3 Qc7 24. Ne5 Nd5 25. Qa6 Nb4 26. Qb5 Rb8 27. Qd7 Qb7 28. Rxa7 Qxd7 29. Rxd7 f6 30. Ng6 Nd3 31. d5 exd5 32. Ne7+ Kf8 33. Nf5 Rb1+ 34. Kh2 Nxf2 35.
Nxg7 Rf1 36. Nf5 Ne4 37. Nxh6 Ke8 38. Rxd5 Re1 39. Nf5 Kf7 40. g4 Kg6 41. Rd7 Ng5 42. Rg7# 1-0

[Event "Early-Titled-Tuesday-Blitz-January-16-2024"]
[Site "Chess.com"]
[Date "2024.01.16"]
[Round "7"]
[White "Nuvas"]
[Black "Dinosaurio_1975"]
[Result "1-0"]
[WhiteElo "2793"]
[BlackElo "2633"]
[TimeControl "180+1"]
[EndTime "9:22:27 PST"]
[Termination "Nuvas won by checkmate"]

1. d4 d5 2. c4 e6 3. Nc3 Nf6 4. cxd5 exd5 5. Bg5 c6 6. e3 h6 7. Bh4 Be7 8. Bd3 O-O 9. Bg3 Re8 10. h3 Nbd7 11.
Nge2 Nf8 12. O-O Bd6 13. Rc1 Nh5 14. Bxd6 Qxd6 15. Qc2 g6 16. e4 dxe4 17. Nxe4 Qd8 18. Rcd1 Nf6 19. N2c3 Nxe4 20. Bxe4 Be6 21. d5 cxd5 22.
Bxd5 Bxd5 23. Nxd5 Rc8 24. Qb3 b6 25. Qa4 Kg7 26.
Qxa7 Ra8 27. Qb7 Rxa2 28. Qc6 Ra5 29. Qc3+ f6 30. Nc7 Qc8 31. Nxe8+ Qxe8 32. Qc7+ Qf7 33. Qxb6 Rg5 34. Rfe1 h5 35. Rc1 Kh6 36. Qe3 Qd5 37. f3 h4 38. Rcd1 Qf5 39. Rd4 Kh5 40. Kh1 Nh7 41. Qe4 Qxe4 42. Rexe4 Kh6 43. Rxh4+ Rh5 44. Rxh5+ Kxh5 45. b4 Ng5 46. b5 Ne6 47. Rd7 g5 48. b6 Kh4 49. Kh2 Nc5 50. Rh7# 1-0

[Event "Early-Titled-Tuesday-Blitz-January-16-2024"]
[Site "Chess.com"]
[Date "2024.01.16"]
[Round "7"]
[White "the_blue_pill"]
[Black "Kotlyar_K"]
[Result "1-0"]
[WhiteElo "2346"]
[BlackElo "2523"]
[TimeControl "180+1"]
[EndTime "9:22:27 PST"]
[Termination "the_blue_pill won by resignation"]

1. b3 Nf6 2. Bb2 g6 3. Bxf6 exf6 4. e3 d5 5. d4 Bg7 6. Ne2 O-O 7. g3 c5 8. c3 Nc6 9. Bg2 f5 10. O-O Be6 11.
a3 Rc8 12. b4 c4 13. Nd2 a5 14. Qa4 axb4 15. axb4 Ra8 16. Qb5 Qd7 17. Nf4 Rad8 18. Ra2 g5 19. Nh5 Nxd4 20. Qxd7 Ne2+ 21. Kh1 Rxd7 22.
Nxg7 Kxg7 23. Rc2 f4 24. Nb1 fxg3 25. Rxe2 gxh2 26. Nd2 Ra8 27. Nf3 Ra3 28. Rc1 Rd8 29.
Nxg5 Rda8 30. Nxe6+ fxe6 31. Kxh2 Kf6 32. e4 Rd8 33. exd5 exd5 34. Rd2 b5 35. Rxd5 Rxd5 36. Bxd5 Ra6 37. Rd1 Ke5 38. Bg2 Rf6 39. Rd5+ Ke6 40. Kg1 Ke7 41. Rxb5 Rf4 42. Rb7+ 1-0

[Event "Early-Titled-Tuesday-Blitz-January-16-2024"]
[Site "Chess.com"]
[Date "2024.01.16"]
[Round "7"]
[White "supereagles1201"]
[Black "doctorcristian"]
[Result "0-1"]
[WhiteElo "2376"]
[BlackElo "2559"]
[TimeControl "180+1"]
[EndTime "9:22:28 PST"]
[Termination "doctorcristian won by checkmate"]

1. c4 g6 2. g3 c5 3. Bg2 Bg7 4. Nf3 Nc6 5. Nc3 b6 6. O-O Bb7 7. e3 Bxc3 8. bxc3 d6 9. d3 Nf6 10. e4 Nd7 11. a4 Qc7 12. Be3 h6 13. Ne1 g5 14. f4 gxf4 15. gxf4 O-O-O 16. Kh1 Rdg8 17.
Nf3 e6 18. Qe2 f5 19. exf5 exf5 20. Nd2 Na5 21. Bxb7+ Qxb7+ 22. Qf3 Nf6 23. Qxb7+ Kxb7 24. Rae1 Rg7 25. Bf2 Rhg8 26. Bh4 Nh5 27. Rf2 Rg4 28. Be7 R8g6 29. Ref1 Nc6 30. Re1 Nxf4 31. Rf3 Ng2 32. Rg1 Nxe7 33. h3 R4g5 34. Nf1 Nh4 35. Rxg5 Rxg5 36.
Rf4 Neg6 37. Rf2 f4 38. Kh2 Kc6 39. Nd2 Ne5 40. d4 Nd3 41. Re2 f3 42. Re7 Rg2+ 43.
Kh1 Nf2# 0-1

[Event "Early-Titled-Tuesday-Blitz-January-16-2024"]
[Site "Chess.com"]
[Date "2024.01.16"]
[Round "7"]
[White "LyonBeast"]
[Black "artooon"]
[Result "1-0"]
[WhiteElo "3149"]
[BlackElo "2967"]
[TimeControl "180+1"]
[EndTime "9:22:34 PST"]
[Termination "LyonBeast won by checkmate"]

1. e4 e5 2. Nf3 Nc6 3. Bc4 Nf6 4. d3 Bc5 5. O-O O-O 6. c3 d6 7. Re1 a6 8. a4 h6 9. Nbd2 Ng4 10. Re2 Kh8 11. h3 f5 12. b4 Ba7 13. exf5 Nxf2 14.
Rxf2 Bxf2+ 15. Kxf2 Bxf5 16. Kg1 d5 17. Bb3 Bxd3 18. Ne1 Bh7 19. Ndf3 e4 20. Nd4 Ne5 21. Ne6 Qf6 22. Nxf8 Rxf8 23. Be3 Qf1+ 24. Kh2 c6 25. Nc2 Qf6 26. Nd4 Qh4 27. Qe1 Ng4+ 28. Kg1 Qxe1+ 29.
Rxe1 Nxe3 30. Rxe3 Bg8 31. Bd1 Rc8 32. Bg4 Rc7 33.
a5 c5 34. Ne6 Bxe6 35. Bxe6 cxb4 36. cxb4 Rc1+ 37. Kf2 Rd1 38. Ke2 Rd4 39. Rb3 g5 40. Bc8 Rc4 41. Bxb7 Rc2+ 42. Ke3 Rxg2 43. Bxd5 Kg7 44.
Kxe4 Ra2 45. Ke5 Re2+ 46. Be4 Ra2 47. Rc3 Ra4 48. Rc7+ Kg8 49. Kf6 Rxb4 50. Rc8# 1-0

[Event "Early-Titled-Tuesday-Blitz-January-16-2024"]
[Site "Chess.com"]
[Date "2024.01.16"]
[Round "7"]
[White "crazy_but_lazy"]
[Black "HamedWafa4"]
[Result "0-1"]
[WhiteElo "2593"]
[BlackElo "2841"]
[TimeControl "180+1"]
[EndTime "9:22:34 PST"]
[Termination "HamedWafa4 won by resignation"]

1. e3 Nf6 2. c4 g6 3. g3 Bg7 4.
Bg2 O-O 5. Ne2 c6 6. Nbc3 d5 7.
cxd5 cxd5 8. d4 Nc6 9. O-O Bf5 10. b3 Rc8 11. Bb2 Qa5 12. Qd2 h5 13. Rfc1 Rfd8 14. a3 Ne4 15. Nxe4 Bxe4 16. b4 Qb6 17. f3 Bf5 18. Rc5 Bf8 19. Rac1 e5 20. dxe5 Bxc5 21. bxc5 Qa5 22. Qd1 Qb5 23. Qd2 Na5 24. Nd4 Nc4 25.
Nxb5 Nxd2 26. Nd6 Rc7 27. Nxf5 gxf5 28. Bd4 Nb3 29. Rc3 Nxd4 30. exd4 b6 31. Bh3 bxc5 32.
Bxf5 c4 33. h4 Rb7 34. g4 hxg4 35. fxg4 Rb3 36. Rc2 Rxa3 37. e6 fxe6 38. Bxe6+ Kg7 39. h5 Rd3 40. Rf2 c3 41. Rf7+ Kh8 42. h6 c2 43.
Rf1 Rd1 44. g5 Rxf1+ 45. Kxf1 c1=Q+ 46. Kg2 Qxg5+ 0-1

[Event "Early-Titled-Tuesday-Blitz-January-16-2024"]
[Site "Chess.com"]
[Date "2024.01.16"]
[Round "7"]
[White "djano"]
[Black "Maxfan2008"]
[Result "1-0"]
[WhiteElo "2637"]
[BlackElo "2489"]
[TimeControl "180+1"]
[EndTime "9:22:34 PST"]
[Termination "djano won by checkmate"]

1. e4 c5 2. Nc3 d6 3. f4 Nc6 4. Nf3 g6 5. Bc4 Bg7 6. O-O e6 7. d4 cxd4 8. Nb5 Nge7 9. Bb3 O-O 10. Nbxd4 e5 11. fxe5 Nxe5 12. c3 Bg4 13. Bg5 h6 14. Bh4 g5 15. Bg3 N7g6 16. h3 Bxf3 17. gxf3 Nf4 18.
Bxf4 gxf4 19. Kh2 Kh7 20. Nf5 Bf6 21. Qd2 Rg8 22. Rad1 Bh4 23. Qxf4 Bg5 24. Qg3 Bd2 25. Qf2 Bf4+ 26. Kh1 Qg5 27. Rxd6 Qh5 28. h4 Rg3 29. Nxg3 Qxh4+ 30. Qh2 Qxh2+ 31. Kxh2 Rg8 32. Rf6 Bxg3+ 33. Kh3 Nd3 34. Rxf7+ Kh8 35. Rh7+ Kxh7 36. Bxg8+ Kxg8 37. Kxg3 Nxb2 38. Rb1 Nc4 39. Rxb7 a5 40. f4 Nd2 41. e5 Ne4+ 42. Kh4 Nxc3 43. f5 Nd5 44. e6 Kf8 45. Kh5 Ne3 46. f6 Nd5 47. Rb8# 1-0

[Event "Early-Titled-Tuesday-Blitz-January-16-2024"]
[Site "Chess.com"]
[Date "2024.01.16"]
[Round "7"]
[White "RCone"]
[Black "dasatcu90"]
[Result "1/2-1/2"]
[WhiteElo "2434"]
[BlackElo "2303"]
[TimeControl "180+1"]
[EndTime "9:22:34 PST"]
[Termination "Game drawn by repetition"]

1. e4 c6 2. d4 d5 3. e5 Bf5 4.
h4 h5 5. Bg5 Qb6 6. Bd3 Qxd4 7.
Nf3 Qg4 8. Bxf5 Qxf5 9. O-O e6 10.
c4 Be7 11. cxd5 Bxg5 12. dxc6 Nxc6 13. hxg5 Nge7 14. Qb3 O-O 15. Nbd2 Nxe5 16. Qxb7 Nxf3+ 17. Nxf3 Nd5 18. Rac1 Rab8 19. Qxa7 Rxb2 20. a4 Nf4 21. Rc4 Qg4 22. Rxf4 Qxf4 23. g6 Ra2 24. gxf7+ Rxf7 25. Qa8+ Kh7 26. Qc6 Rf6 27. Re1 Qxa4 28. Ng5+ Kg6 29. Ne4 Ra1 30. Qxa4 Rxa4 31. Nxf6 Kxf6 32. g3 g5 33. Kg2 e5 34. Rh1 h4 35. gxh4 gxh4 36.
Rh3 Kg5 37. Re3 Kf4 38. Rf3+ Kg4 39. Rf8 Rf4 40. Rg8+ Kf5 41. Ra8 Kg4 42. Rg8+ Kf5 43. Ra8 Ke4 44. Ra4+ Kd5 45. Ra5+ Ke6 46. Ra6+ Kf5 47.
Ra8 1/2-1/2

[Event "Early-Titled-Tuesday-Blitz-January-16-2024"]
[Site "Chess.com"]
[Date "2024.01.16"]
[Round "7"]
[White "karinachess1"]
[Black "IM_ArthurDW08"]
[Result "0-1"]
[WhiteElo "2615"]
[BlackElo "2787"]
[TimeControl "180+1"]
[EndTime "9:22:35 PST"]
[Termination "IM_ArthurDW08 won by checkmate"]

1. d4 Nf6 2. c4 g6 3. g3 Bg7 4. Bg2 O-O 5. Nc3 d6 6. Nf3 Bf5 7. Nh4 Bc8 8. Nf3 Nc6 9. O-O a6 10. Bf4 Rb8 11. Rc1 Bd7 12. Nd5 Ne4 13. c5 e6 14. cxd6 cxd6 15. Nc3 Nxc3 16. Rxc3 e5 17. dxe5 dxe5 18. Nxe5 Bxe5 19. Bxc6 Bxc3 20. Bxd7 Bxb2 21.
Bxb8 Qxb8 22. Qb3 Be5 23. Rb1 b5 24. Bc6 Qb6 25. Bd5 Qf6 26. a4 Rb8 27. axb5 Rxb5 28. Qa2 Kg7 29. Rxb5 axb5 30. Qb3 h5 31. Qxb5 h4 32.
Kg2 h3+ 33. Kg1 Bd4 34. e3 Ba7 35. Qb1 Qc3 36. Be4 f5 37. Bd5 Bxe3 38. fxe3 Qxe3+ 39. Kh1 Qd2 40. Qb7+ Kh6 41. Qb1 Qxd5+ 42. Kg1 Qg2# 0-1

[Event "Early-Titled-Tuesday-Blitz-January-16-2024"]
[Site "Chess.com"]
[Date "2024.01.16"]
[Round "7"]
[White "KorolDimitriy75"]
[Black "MathiasWomacka"]
[Result "0-1"]
[WhiteElo "2348"]
[BlackElo "2576"]
[TimeControl "180+1"]
[EndTime "9:22:35 PST"]
[Termination "MathiasWomacka won on time"]

1. d4 Nf6 2. c4 e6 3. Nc3 Bb4 4. Qc2 c5 5. dxc5 O-O 6. Nf3 Na6 7. Bd2 Nxc5 8. e3 b6 9. Be2 Ba6 10. O-O Rc8 11. Rfd1 Bxc3 12. Bxc3 Nce4 13. Bxf6 Nxf6 14. Qa4 Bb7 15. Qxa7 Qc7 16. Qa3 Ng4 17. Qd6 Rfd8 18.
h3 Nf6 19. Qxc7 Rxc7 20. b3 d5 21. Nd4 Kf8 22. Nb5 Rcc8 23. Rac1 Ke7 24. Kf1 Ba6 25. Nc3 dxc4 26. Rxd8 Kxd8 27. Nd1 cxb3 28. Rxc8+ Bxc8 29. axb3 e5 30. f3 Be6 31. b4 Nd5 32. b5 Kc7 33.
Ke1 Kd7 34. Kd2 Kd6 35. Nc3 Nxc3 36. Kxc3 Kc5 37. Bd3 h6 38. f4 exf4 39. exf4 Bd7 40. g3 Bxh3 41. Bc4 f6 42. Bd3 Bd7 43. Be2 Bxb5 44.
Bh5 Bc6 45. Bg6 b5 46. Bd3 Bd5 47. Bc2 b4+ 48. Kd3 b3 0-1

[Event "Early-Titled-Tuesday-Blitz-January-16-2024"]
[Site "Chess.com"]
[Date "2024.01.16"]
[Round "7"]
[White "quvnoq_muxlis"]
[Black "maciek_92"]
[Result "0-1"]
[WhiteElo "2667"]
[BlackElo "2848"]
[TimeControl "180+1"]
[EndTime "9:22:36 PST"]
[Termination "maciek_92 won by checkmate"]

1. e4 c5 2. Nf3 e6 3. c3 Nf6 4.
e5 Nd5 5. d4 cxd4 6. Qxd4 Nc6 7. Qe4 f5 8. Qe2 b5 9. g3 a5 10.
Bg2 Ba6 11. O-O Be7 12. Rd1 Nb6 13. h4 b4 14. Qe1 h6 15. b3 a4 16. c4 Na5 17. Nbd2 Bb7 18. Bb2 O-O 19. Rac1 f4 20. Nd4 Qe8 21. c5 Bxg2 22. Kxg2 Nd5 23. Qe4 Qh5 24.
Qf3 Qxe5 25. Nc4 Nxc4 26. bxc4 fxg3 27. Qxg3 Qxg3+ 28. Kxg3 Nf4 29. Rc2 Bxc5 30. Nb5 Rf7 31. Be5 Raf8 32. Nd6 Nh5+ 33. Kg4 Bxd6 34. Bxd6 Nf6+ 35. Kh3 Rc8 36. Bxb4 Ne4 37. Kg2 d5 38. c5 Rcf8 39. Rf1 Rf6 40. f3 Rg6+ 41. Kh2 Rf4 42. Kh3 Rg3+ 43. Kh2 Rxh4# 0-1

[Event "Early-Titled-Tuesday-Blitz-January-16-2024"]
[Site "Chess.com"]
[Date "2024.01.16"]
[Round "7"]
[White "Andrey_Klymchuk"]
[Black "CaspiIsrael"]
[Result "0-1"]
[WhiteElo "2790"]
[BlackElo "2655"]
[TimeControl "180+1"]
[EndTime "9:22:36 PST"]
[Termination "CaspiIsrael won by resignation"]

1. e4 e5 2. Nf3 Nf6 3. Nxe5 d6 4. Nf3 Nxe4 5. Nc3 Nxc3 6. dxc3 Be7 7. Be3 O-O 8. Qd2 Nd7 9. O-O-O c6 10. h4 d5 11. Kb1 Re8 12. c4 Nb6 13. cxd5 Nxd5 14. Bd4 Bg4 15. Bc4 Bf6 16. Bxf6 Qxf6 17. Bxd5 cxd5 18.
Qd4 Qxd4 19. Rxd4 Bxf3 20. gxf3 Re2 21. Rf1 Rae8 22. Kc1 R2e5 23. Rfd1 Rh5 24. a4 Kf8 25. a5 a6 26. Rb4 Re7 27. Rd3 Ke8 28. Re3 Re6 29.
Rxe6+ fxe6 30. Rxb7 Rxh4 31. Rb6 Ke7 32. Rxa6 h5 33. Ra7+ Kf6 34. b3 Rb4 35. Kb2 h4 36. Ra8 Rb5 37. Ka3 g5 38. b4 Kg7 39. Re8 Kf7 40.
Rh8 Kg7 41. Re8 Kf7 42. Rc8 Kg7 43. Ka4 h3 44. Rc7+ Kg6 45. Rc8 Rb7 46. Rh8 Rh7 47. Rg8+ Kf6 48. Rf8+ Ke5 49. f4+ gxf4 50. Rf7 Rxf7 0-1

[Event "Early-Titled-Tuesday-Blitz-January-16-2024"]
[Site "Chess.com"]
[Date "2024.01.16"]
[Round "7"]
[White "KanalSzachowy"]
[Black "ChessGiantYouTube"]
[Result "1-0"]
[WhiteElo "2356"]
[BlackElo "2205"]
[TimeControl "180+1"]
[EndTime "9:22:37 PST"]
[Termination "KanalSzachowy won by resignation"]

1. e4 g6 2. h4 Bg7 3. h5 d5 4.
exd5 Qxd5 5. Nc3 Qa5 6. b4 Qxb4 7. Rb1 Qd6 8. Bb2 Nf6 9. h6 Bf8 10. Nb5 Qd8 11. Be5 Na6 12. Nf3 c6 13. Qe2 Be6 14. Nbd4 Nc5 15. Nxe6 Nxe6 16. Rxb7 Rg8 17. Qc4 Qd5 18.
Bxf6 exf6 19. Qxd5 cxd5 20. Bb5+ Kd8 21. Rxf7 Be7 22. Bc6 Rb8 23. O-O Nf4 24. Rxh7 Rb6 25. Re1 Bc5 26. g3 Nh3+ 27. Kg2 Nxf2 28. Re6 Ne4 29.
Bxd5 Rxe6 30. Bxe6 Re8 31. Bf7 Re7 32. Bxg6 Rxh7 33.
Bxh7 Ng5 34. Bf5 Bf8 35. h7 Bg7 36. Nxg5 fxg5 37. Kf3 Ke7 38. Kg4 Bf6 39. Kh5 Kd6 40. Kg6 Ke5 41. g4 Bh8 42. Kf7 a5 43. Kg8 Bf6 44.
h8=Q Bxh8 45. Kxh8 a4 46. Kg8 1-0

[Event "Early-Titled-Tuesday-Blitz-January-16-2024"]
[Site "Chess.com"]
[Date "2024.01.16"]
[Round "7"]
[White "AradNazari"]
[Black "Gabrielian_Artur"]
[Result "0-1"]
[WhiteElo "2635"]
[BlackElo "2797"]
[TimeControl "180+1"]
[EndTime "9:22:38 PST"]
[Termination "Gabrielian_Artur won on time"]

1. g4 e5 2. e4 Nc6 3. Nf3 Bc5 4. Nc3 d6 5. h3 Nge7 6. a3 a6 7.
Bc4 Ng6 8. d3 Be6 9. Nd5 h5 10.
Bg5 Qd7 11. Rg1 hxg4 12. hxg4 Nce7 13. Nxe7 Nxe7 14. Bxe6 Qxe6 15. Qe2 Ng6 16. Nd2 Rh3 17. Nb3 Bb6 18. O-O-O f6 19. Be3 Nf4 20. Bxf4 exf4 21.
d4 O-O-O 22. f3 Rdh8 23. Kb1 Rg3 24. Rxg3 fxg3 25. Rg1 a5 26. a4 Rh2 27. Qd3 g2 28. Qe2 Qd7 29. Rxg2 Rh1+ 30. Nc1 Qxa4 31. c3 Qd1 32.
Qxd1 Rxd1 33. Rh2 Rf1 34. Rh8+ Kd7 35. Rh7 Rxf3 36. Rxg7+ Kc6 37. Kc2 Rf2+ 38. Kb3 a4+ 39. Kc4 Ba5 40. Rf7 b5+ 41. Kd3 Rxb2 42. Rxf6 a3 43. d5+ Kb7 44. Rf1 Rb1 45. Kc2 a2 0-1

[Event "Early-Titled-Tuesday-Blitz-January-16-2024"]
[Site "Chess.com"]
[Date "2024.01.16"]
[Round "7"]
[White "RobertoJBM"]
[Black "Nouali_Mohamed"]
[Result "1-0"]
[WhiteElo "2795"]
[BlackElo "2590"]
[TimeControl "180+1"]
[EndTime "9:22:38 PST"]
[Termination "RobertoJBM won on time"]

1. d4 Nf6 2. Nf3 g6 3. e3 Bg7 4.
Be2 O-O 5. O-O d6 6. c4 Nc6 7. d5 Nb8 8. Nc3 c5 9. e4 Bg4 10. Ne1 Bxe2 11. Qxe2 a6 12. Bd2 Nbd7 13. a4 Rb8 14.
Nd3 Ne8 15. f4 Nc7 16. e5 b5 17. axb5 axb5 18. b3 bxc4 19. bxc4 Nb6 20. Qe4 f5 21.
exf6 exf6 22. f5 Re8 23. Qg4 g5 24. Rae1 h5 25. Qxh5 Nxc4 26. Qd1 Qd7 27. Re6 Rxe6 28. fxe6 Qe8 29. Bc1 Qg6 30. g4 f5 31. gxf5 Bd4+ 32.
Kh1 Qh7 33. Ne4 Nxd5 34. Nxg5 Qh4 35. Qf3 Nf6 36. Bf4 Rb3 37. e7 Ng4 38. e8=Q+ 1-0

[Event "Early-Titled-Tuesday-Blitz-January-16-2024"]
[Site "Chess.com"]
[Date "2024.01.16"]
[Round "7"]
[White "BardArtem"]
[Black "profedechess93"]
[Result "1-0"]
[WhiteElo "2798"]
[BlackElo "2639"]
[TimeControl "180+1"]
[EndTime "9:22:40 PST"]
[Termination "BardArtem won by checkmate"]

1. e4 e6 2. d4 d5 3. Nc3 Nf6 4.
exd5 exd5 5. Bg5 Bb4 6. Qe2+ Be6 7. Qb5+ Nc6 8. Qxb7 Nxd4 9. Bb5+ Kf8 10. Bxf6 gxf6 11. Bd3 c5 12. a3 Ba5 13. b4 Rb8 14. Qxa7 cxb4 15. Qxd4 bxc3 16. Nf3 Rg8 17. O-O Qb6 18.
Qh4 Rg4 19. Qxf6 Rxg2+ 20. Kh1 Bh3 21. Qh8+ Ke7 22. Qe5+ Kf8 23. Bf5 Re8 24. Qf4 Bxf5 25. Qxf5 Rxf2 26. Qxh7 Qe3 27. Qh8+ Ke7 28. Qh4+ f6 29.
Qxf2 Qxf2 30. Rxf2 Kd6 31. Rb1 Re4 32. Rb5 Bd8 33.
Kg2 Kc6 34. Rb3 d4 35. a4 Rg4+ 36. Kf1 Bb6 37. Ne1 Re4 38. Nd3 Bc7 39. Rxf6+ Kd5 40. Rb5+ Kc4 41. Rc5# 1-0